Map: [ESL] Cosmic Sapphire

Players

soO

  • Race: Zerg Zerg
  • Spawn Location: 5:00

llllllllllll (herO) - Winner!

  • Race: Protoss Protoss
  • League: Grandmaster
  • Spawn Location: 11:00

VOD

Have the link to the VOD?

Description

Time

  • Played on: Oct. 20, 2022, 7:10 a.m.
  • Length: 8:41
Show
View Real Time Build Order
Export as new Build Order

soO Zerg 

Build Orders: Hatch First 

Get SALT Encoding   

  12  0:00  Drone  
  13  0:11  Overlord  
  13  0:17  Drone  
  14  0:30  Drone x2  
  16  0:46  Drone  
  17  0:58  Drone  
  17  1:00  Hatchery  
  17  1:04  Drone  
  18  1:14  Extractor  
  18  1:16  Spawning Pool  
  18  1:17  Drone  
  17  1:22  Drone  
  18  1:27  Drone  
  19  1:37  Drone  
  20  1:48  Drone  
  21  1:59  Overlord  
  21  2:11  Queen x2  
  21  2:12  Zergling x2  
  21  2:14  Drone  
  27  2:20  Metabolic Boost  
  27  2:23  Drone x2  
  29  2:31  Drone  
  29  2:34  Drone  
  31  2:41  Hatchery  
  30  2:47  Queen  
  30  2:49  Overlord  
  32  2:51  Drone  
  32  2:53  Drone  
  32  2:55  Drone  
  35  3:03  Overlord  
  35  3:05  Drone  
  36  3:14  Overlord  
  36  3:17  Drone  
  36  3:19  Queen, Drone x3  
  42  3:21  Drone  
  42  3:22  Drone  
  44  3:28  Zergling x4  
  44  3:31  Overlord  
  46  3:38  Queen, Drone  
  49  3:42  Drone  
  50  3:49  Drone x2  
  50  3:50  Drone, Roach Warren  
  50  3:51  Drone  
  50  3:53  Drone  
  50  3:54  Drone  
  55  3:58  Drone x2  
  55  4:00  Drone  
  58  4:05  Zergling x6  
  61  4:10  Overlord  
  61  4:11  Extractor  
  61  4:14  Extractor  
  59  4:19  Overlord  
  59  4:22  Overlord  
  59  4:25  Drone  
  59  4:26  Drone, Overlord  
  61  4:32  Drone  
  61  4:33  Drone  
  61  4:36  Drone  
  61  4:38  Lair  
  64  4:41  Drone x5  
  69  4:52  Drone  
  69  5:00  Drone  
  66  5:07  Drone x3  
  66  5:11  Zergling x16  
  77  5:15  Extractor x2  
  77  5:16  Drone  
  77  5:18  Drone  
  77  5:20  Drone  
  77  5:26  Roach  
  77  5:27  Spore Crawler  
  78  5:29  Roach  
  78  5:34  Roach  
  82  5:38  Glial Reconstitution  
  82  5:40  Roach x5  
  90  5:46  Overseer  
  90  5:48  Drone x3, Overlord  
  93  5:51  Overlord  
  93  5:53  Overlord  
  93  5:55  Roach x2  
  93  5:56  Overlord  
  97  5:57  Overlord  
  94  6:05  Drone x2  
  94  6:06  Drone  
  94  6:08  Overseer, Drone x2  
  99  6:13  Drone  
  99  6:15  Drone x3  
  103  6:26  Roach x3  
  109  6:36  Hatchery  
  109  6:37  Roach x5  
  114  6:43  Evolution Chamber  
  114  6:44  Ravager x3  
  114  6:45  Roach, Ravager  
  114  6:46  Baneling Nest, Roach  
  114  6:47  Overlord  
  120  6:49  Ravager  
  120  6:50  Overlord x2  
  120  6:51  Overlord  
  122  6:55  Overlord  
  114  7:05  Roach x5  
  114  7:06  Ravager  
  123  7:14  Roach  
  123  7:15  Roach x2  
  128  7:17  Ravager x3  
  128  7:19  Zergling x8  
  133  7:25  Roach x4  
  114  7:36  Roach x3  
  111  7:37  Roach x3  
  111  7:40  Queen x2  
  111  7:43  Roach  
  119  7:50  Roach x6  
  125  7:54  Roach  
  125  7:57  Zergling x4, Roach x2  
  114  7:59  Roach x2  
  114  8:00  Roach  
  116  8:10  Roach x3  
  116  8:12  Ravager  
  121  8:17  Roach  
  121  8:18  Roach  
  121  8:19  Roach  
  100  8:21  Roach x2  
Show
View Real Time Build Order
Export as new Build Order

llllllllllll Protoss - Winner!

Build Orders: 1 Gate Expand 

Get SALT Encoding   

  12  0:00  Probe  
  13  0:13  Pylon  
  13  0:17  Probe (Chrono Boost)  
  14  0:26  Probe (Chrono Boost)  
  15  0:31  Probe (Chrono Boost)  
  16  0:38  Gateway  
  16  0:43  Probe  
  16  0:47  Assimilator  
  17  0:55  Probe  
  18  1:07  Probe  
  19  1:20  Probe  
  20  1:27  Nexus  
  20  1:35  Cybernetics Core  
  20  1:38  Probe  
  21  1:44  Assimilator  
  21  1:50  Probe  
  22  1:54  Pylon  
  22  2:02  Probe  
  23  2:12  Stalker  
  23  2:14  Probe (Chrono Boost)  
  26  2:17  Robotics Facility  
  26  2:23  Warp Gate  
  26  2:26  Probe (Chrono Boost)  
  27  2:31  Probe (Chrono Boost)  
  28  2:39  Probe (Chrono Boost)  
  28  2:42  Adept  
  32  2:47  Probe (Chrono Boost)  
  32  2:48  Probe (Chrono Boost)  
  33  2:53  Probe x2 (Chrono Boost)  
  35  3:04  Observer (Chrono Boost)  
  36  3:07  Probe x2  
  36  3:11  Robotics Bay  
  38  3:17  Warp Prism (Chrono Boost)  
  38  3:19  Probe x2  
  42  3:24  Pylon  
  42  3:30  Gateway  
  42  3:32  Probe x2  
  44  3:44  Probe x2  
  44  3:45  Assimilator  
  46  3:48  Gravitic Drive  
  46  3:49  Pylon  
  46  3:54  Disruptor (Chrono Boost)  
  46  3:56  Probe x2  
  51  4:08  Probe x2  
  53  4:14  Twilight Council  
  53  4:16  Adept, Gateway  
  55  4:19  Gateway  
  55  4:27  Gateway  
  55  4:28  Gateway  
  55  4:33  Adept  
  55  4:36  Adept  
  55  4:38  Pylon  
  59  4:43  Disruptor  
  62  5:01  Blink (Chrono Boost)  
  60  5:08  Nexus  
  60  5:09  Pylon  
  60  5:17  Disruptor  
  60  5:20  Zealot x3  
  64  5:25  Probe x2  
  64  5:26  Assimilator, Pylon  
  69  5:29  Pylon  
  69  5:38  Stalker x3  
  75  5:47  Shield Battery  
  75  5:50  Disruptor, Gateway  
  75  5:51  Observer  
  78  6:04  Stalker x2  
  78  6:08  Shield Battery  
  78  6:09  Stalker  
  84  6:16  Observer, Stalker  
  86  6:19  Stalker  
  88  6:41  Stalker x4  
  88  6:42  Zealot x2  
  98  7:07  Stalker  
  98  7:08  Stalker x3  
  105  7:09  Stalker x2  
  105  7:10  Pylon  
  105  7:13  Pylon  
  107  7:16  Stalker  
  98  7:32  Stalker x4  
  98  7:35  Zealot  
  98  7:36  Zealot  
  84  8:01  Stalker x6  
  84  8:02  Zealot  
  92  8:26  Stalker x5  
  100  8:27  Zealot  
  100  8:28  Zealot  
Tags
 
Add a new tag
Caveats
  • Supply blocks, unpowered buildings, or Contaminate may cause inaccurate times.
  • Supply counts are checked every 10 seconds.